 Dungeon Crawl Stone Soup version 0.17.1-3-g152610e (webtiles) character file.

141 azaza322 the Shield-Bearer (level 5, 0/33 HPs)
             Began as a Gargoyle Fighter on Mar 30, 2016.
             Was a Follower of Makhleb.
             Slain by an ogre
             ... wielding a +0 giant club
              (6 damage)
             ... on level 4 of the Dungeon.
             The game lasted 00:15:00 (2659 turns).

azaza322 the Shield-Bearer (Gargoyle Fighter)       Turns: 2659, Time: 00:15:00

Health: 0/33       AC: 12    Str: 17    XL:     5   Next: 24%
Magic:  5/5        EV:  7    Int:  9    God:    Makhleb [*.....]
Gold:   202        SH:  9    Dex:  9    Spells: 0 memorised, 4 levels left

rFire  . . .     SeeInvis .     a - +0 flail
rCold  . . .     Clarity  .     u - +0 scale mail
rNeg   + . .     SustAt   .     c - +0 shield
rPois  ∞         Gourm    .     B - +0 helmet
rElec  +         Spirit   .     (no cloak)
rCorr  .         Warding  .     (no gloves)
rMut   .         Stasis   .     (no boots)
MR     .....                    (no amulet)
Stlth  ..........               y - -3 ring of strength (curse)
                                p - ring of wizardry

@: not resistant to hostile enchantments, extremely unstealthy
A: negative energy resistance 1, electricity resistance, unbreathing,
petrification resistance, rot immunity, AC +4
a: Renounce Religion


You were on level 4 of the Dungeon.
You worshipped Makhleb.
Makhleb was aware of your devotion.
You were not hungry.

You visited 1 branch of the dungeon, and saw 4 of its levels.

You collected 202 gold pieces.

Inventory:

Hand Weapons
 a - a +0 flail (weapon)
Armour
 c - a +0 shield (worn)
 u - a +0 scale mail (worn)
 B - a +0 helmet (worn)
Jewellery
 p - a ring of wizardry (left hand)
 y - a cursed -3 ring of strength (right hand)
Wands
 f - a wand of flame (30)
Scrolls
 b - a scroll of enchant weapon {unknown}
 g - 4 scrolls of remove curse {unknown}
 h - 5 scrolls of teleportation {unknown}
 j - 3 scrolls of identify {unknown}
 k - a scroll of blinking {unknown}
 l - 2 scrolls of fear {unknown}
 o - a scroll of amnesia {unknown}
 t - a scroll of magic mapping {unknown}
 A - a scroll of enchant armour {unknown}
 C - a scroll of immolation {unknown}
Potions
 d - a potion of might
 m - 3 potions of resistance {unknown}
 r - 2 potions of heal wounds {unknown}
 s - a potion of cancellation {unknown}
 v - a potion of poison {unknown}
 w - a potion of mutation {unknown}
 z - 2 potions of lignification {unknown}
Comestibles
 e - 5 bread rations
 i - 6 fruits
 n - a beef jerky
 q - a chunk of flesh
 x - a meat ration


   Skills:
 + Level 3.9 Fighting
 + Level 2.6 Maces & Flails
 + Level 4.0 Armour
 + Level 1.6 Dodging
 + Level 0.8 Stealth
 + Level 4.2 Shields


You had 4 spell levels left.
You didn't know any spells.

Dungeon Overview and Level Annotations

Branches:
Dungeon (4/15)
 Temple: D:4-7

Altars:
Makhleb


Innate Abilities, Weirdness & Mutations

You are resistant to torment.
Your stone body is resilient (AC +4).
You are immune to poison.
You resist negative energy.
You are resistant to electric shocks.
You can survive without breathing.
You are immune to petrification.
You are immune to rotting.


Message History

The ogre shouts!
Found 11 stones.
The ogre hits you with a giant club!!
Ouch! That really hurt!
* * * LOW HITPOINT WARNING * * *
An adder comes into view.
The ogre barely misses you. The adder barely misses you.
The adder bites you but does no damage. The ogre closely misses you.
You block the adder's attack. The ogre barely misses you.
The adder barely misses you. The adder bites you.
* * * LOW HITPOINT WARNING * * *
The ogre hits you but does no damage. You block the adder's attack.
The adder bites you but does no damage. The adder bites you but does no damage.
The adder bites you but does no damage. You block the adder's attack.
The ogre hits you with a giant club.
You die...

### ####.## #######
#####.....###
######.....####.##........##
#.##............@O.........#
#......[>...##...S.........#
#...........####...........#
............# #...........#
......###..## #...........##
. ......# ####
#...........<###.. .>...##
#............#.... .....#
#...............# .....#
#...............#


You could see an ogre and an adder.

Vanquished Creatures
  9 adders
  An ooze (D:1)
  2 orcs (D:3)
  10 bats
  2 goblins
  3 hobgoblins
  7 jackals
  6 kobolds
  8 ball pythons
  3 giant cockroaches
  2 giant newts
  8 rats
61 creatures vanquished.

Notes
Turn   | Place    | Note
--------------------------------------------------------------
     0 | D:1      | azaza322 the Gargoyle Fighter began the quest for the Orb.
     0 | D:1      | Reached XP level 1. HP: 14/14 MP: 1/1
     6 | D:1      | Noticed a draconian
     8 | D:1      | Noticed a merfolk
     8 | D:1      | Noticed a minotaur
    10 | D:1      | Noticed a human
    10 | D:1      | Noticed a troll
    12 | D:1      | Noticed an elf
    12 | D:1      | Noticed a formicid
    14 | D:1      | Noticed a demigod
    14 | D:1      | Noticed a dwarf
    16 | D:1      | Noticed a gargoyle
    20 | D:1      | Noticed an octopode
    20 | D:1      | Noticed an ogre
    22 | D:1      | Noticed a naga
    22 | D:1      | Noticed a centaur
    24 | D:1      | Noticed a ghoul
    24 | D:1      | Noticed a tengu
    26 | D:1      | Noticed a vampire
    26 | D:1      | Noticed a vine stalker
    28 | D:1      | Noticed a demonspawn
    28 | D:1      | Noticed a spriggan
    30 | D:1      | Noticed a felid
   326 | D:1      | Reached XP level 2. HP: 17/19 MP: 2/2
   694 | D:2      | Reached XP level 3. HP: 22/24 MP: 3/3
   936 | D:2      | Reached skill level 4 in Shields
   991 | D:2      | Reached skill level 1 in Dodging
   991 | D:2      | Reached XP level 4. HP: 25/29 MP: 4/4
  1878 | D:3      | Reached XP level 5. HP: 33/33 MP: 5/5
  2221 | D:3      | Found a faded altar to an unknown god.
  2251 | D:3      | Became a worshipper of Makhleb the Destroyer
  2251 | D:3      | Reached * piety under Makhleb
  2635 | D:4      | Noticed an ogre
  2659 | D:4      | Slain by an ogre

Action                   |  1- 3 |  4- 6 || total
-------------------------+-------+-------++-------
Melee: Flail             |   136 |   170 ||   306
  Eat: Bread ration      |       |     2 ||     2
       Chunk             |       |     1 ||     1
